 Dungeon Crawl Stone Soup version 0.17-a0-2118-g63bad21 (webtiles) character file.

641 Duffy the Chopper (level 7, 58/62 HPs)
             Began as a Hill Orc Fighter on Oct 20, 2015.
             Quit the game on level 6 of the Dungeon.
             The game lasted 00:04:19 (3971 turns).

Duffy the Chopper (Hill Orc Fighter)                Turns: 3971, Time: 00:04:19

Health: 58/62      AC:  9    Str: 19    XL:     7   Next: 51%
Magic:  7/7        EV:  9    Int: 13    God:
Gold:   160        SH:  0    Dex: 10    Spells: 0 memorised, 6 levels left

rFire  . . .     SeeInvis .     z - +1 war axe (chop)
rCold  + . .     Clarity  .     b - +0 scale mail
rNeg   . . .     SustAt   .     (no shield)
rPois  .         Gourm    .     r - +0 helmet {Int+3}
rElec  .         Spirit   .     w - +0 cloak
rCorr  .         Warding  .     (no gloves)
rMut   .         Stasis   .     (no boots)
MR     .....                    (no amulet)
Stlth  ..........               t - ring of loudness (curse)
                                m - ring of protection from cold

@: not resistant to hostile enchantments, extremely unstealthy
A: no striking features
a: no special abilities


You were on level 6 of the Dungeon.
You were very hungry.

You visited 1 branch of the dungeon, and saw 6 of its levels.

You collected 160 gold pieces.


   Skills:
 + Level 5.9 Fighting
 * Level 7.8 Axes
 + Level 5.4 Armour
 - Level 3.2 Shields


You had 6 spell levels left.
You didn't know any spells.

Inventory:

Hand Weapons
 a - a +0 war axe
 z - a +1 war axe of chopping (weapon)
Missiles
 h - 9 poisoned needles
 j - 114 stones (quivered)
Armour
 b - a +0 scale mail (worn)
 c - a +0 shield
 p - a +2 shield
 r - a +0 helmet of intelligence (worn)
 w - a +0 cloak (worn)
Jewellery
 m - a ring of protection from cold (left hand)
 t - a cursed ring of loudness (right hand)
Scrolls
 f - 5 scrolls of identify {unknown}
 g - 2 scrolls of fog {unknown}
 k - 2 scrolls of enchant weapon {unknown}
 l - a scroll of immolation {unknown}
 o - a scroll of amnesia {unknown}
 q - 5 scrolls of remove curse {unknown}
 x - 2 scrolls of random uselessness {unknown}
 y - a scroll of fear {unknown}
Potions
 d - 2 potions of might
 s - a potion of lignification {unknown}
 u - a potion of flight {unknown}
 v - a potion of invisibility {unknown}
Comestibles
 e - a bread ration
 i - a meat ration
 n - a beef jerky

Dungeon Overview and Level Annotations

Branches:
Dungeon (6/15)
 Temple: D:4-7

Altars:
Fedhas
Okawaru

Shops:
D:6 ([[:


Message History

There is an open door here.
There is an open door here.
There is an open door here.
You see here a rapier.
You open the door.
There is an open door here.
A giant gecko comes into view.
A giant gecko is nearby!
A giant gecko is nearby!
There is an open door here.
You hit the giant gecko.
The giant gecko is almost dead.
The giant gecko bites you.
You slash the giant gecko!
You kill the giant gecko!
No target in view!
No target in view!
No target in view!
No target in view!
No target in view!
No target in view!
No target in view!
No target in view!
No target in view!
Found a stone staircase leading down.
j - 114 stones (gained 18)
There is a stone staircase leading down here.
There is an open door here.
You are feeling very hungry.
You see here a giant gecko corpse.
A hound comes into view.
A hound is nearby!
A hound is nearby!
You barely miss the hound. The hound bites you.
Are you sure you want to abandon this character and quit the game? (Confirm with "yes".)

#... #... #... ...
.. .. #...####.
#......h# #@# #.#
#.# #+#### #.#
#....
#.#####.####..##
#..............##
####.###.##.....#
#.###.#......#
#............###.#


You could see a hound.

Action                   |  1- 3 |  4- 6 |  7- 9 || total
-------------------------+-------+-------+-------++-------
Melee: War axe           |    84 |   138 |    72 ||   294
  Eat: Chunk             |     1 |     5 |     3 ||     9

Notes
Turn   | Place    | Note
--------------------------------------------------------------
     0 | D:1      | Duffy the Hill Orc Fighter began the quest for the Orb.
     0 | D:1      | Reached XP level 1. HP: 19/19 MP: 1/1
    49 | D:1      | Reached skill level 3 in Axes
   211 | D:1      | Reached XP level 2. HP: 22/27 MP: 2/2
   641 | D:1      | Reached skill level 4 in Fighting
   641 | D:1      | Reached XP level 3. HP: 25/33 MP: 3/3
   994 | D:2      | Reached skill level 4 in Axes
  1207 | D:2      | Noticed Ijyb
  1218 | D:2      | Killed Ijyb
  1218 | D:2      | Reached XP level 4. HP: 33/41 MP: 4/4
  2266 | D:4      | Found a blossoming altar of Fedhas.
  2289 | D:4      | Reached skill level 5 in Axes
  2289 | D:4      | Reached skill level 4 in Armour
  2349 | D:5      | Entered Level 5 of the Dungeon
  2355 | D:5      | Reached XP level 5. HP: 20/47 MP: 5/5
  2701 | D:5      | Reached skill level 5 in Fighting
  2812 | D:5      | Reached skill level 6 in Axes
  2812 | D:5      | Reached XP level 6. HP: 52/56 MP: 6/6
  2905 | D:5      | Noticed an ogre
  2909 | D:5      | Killed an ogre
  2974 | D:5      | Reached skill level 7 in Axes
  2974 | D:5      | Reached XP level 7. HP: 38/61 MP: 7/7
  2983 | D:5      | Found an iron altar of Okawaru.
  3118 | D:5      | Reached skill level 5 in Armour
  3199 | D:5      | Noticed an ogre
  3206 | D:5      | Killed an ogre
  3742 | D:6      | Found Goixzyrarph's Weapon Emporium.
  3773 | D:6      | Found Hawadeff's Antique Armour Shop.
  3773 | D:6      | Found Quakk's Armour Shop.
  3843 | D:6      | Found Zipuisho's Book Shoppe.
  3971 | D:6      | Quit the game

Vault maps used:
D:1:      matt_arrival_refuge, dk_noncrumbling_2
D:2:      uniq_iyjb
D:3:      grunt_temple_overflow_open, first_bread
D:4:      serial_shops, shop, hangedman_decor_push, fedhas_altar_1, uniq_pikel
D:5:      okawaru_trees_2, minmay_temple_entry_butterflies
D:6:      serial_shops, kennysheep_mini_moat,
          nicolae_shop_competitors_out_of_business, nicolae_shop_crystal,
          nicolae_shop_crystal, nicolae_shop_stone, grunt_ministairs_7

Vanquished Creatures
  2 ogres
  2 orc priests
  4 orc wizards
  A giant frog zombie
  A giant frog skeleton
  An iguana Ijyb
  2 worker ants
  A gnoll
  4 adders
  An adder zombie
  4 worms
  4 giant geckos
  13 orcs
  6 giant cockroaches
  5 goblins
  6 hobgoblins
  3 jackals
  4 bats
  3 giant newts
  A jackal zombie
  11 kobolds
  5 rats
  A butterfly
86 creatures vanquished.
